 Dungeon Crawl Stone Soup version 0.22-a0-398-g8bb545f (webtiles) character file.

690 emperorscorpion the Chopper (level 7, 0/61 HPs)
             Began as a Minotaur Fighter on May 5, 2018.
             Was an Initiate of Gozag.
             Slain by a bullfrog (5 damage)
             ... on level 6 of the Dungeon.
             The game lasted 00:05:35 (1615 turns).

emperorscorpion the Chopper (Minotaur Fighter)      Turns: 1615, Time: 00:05:36

Health: 0/61       AC:  7    Str: 22    XL:     7   Next: 36%
Magic:  6/6        EV:  8    Int:  5    God:    Gozag
Gold:   694        SH: 11    Dex: 10    Spells: 6/6 levels left

rFire    . . .     SeeInvis .   a - +0 war axe
rCold    + . .     Gourm    .   c - +1 shield
rNeg     . . .     Faith    .   b - +0 scale mail
rPois    .         Spirit   .   (helmet restricted)
rElec    .         Reflect  .   (no cloak)
rCorr    .         Harm     .   (no gloves)
MR       .....                  (no boots)
Stlth    ..........             (no amulet)
HPRegen  0.20/turn              x - ring of protection from cold
MPRegen  0.10/turn              q - ring of loudness (curse)

@: very slightly contaminated
A: retaliatory headbutt, horns 2
a: Potion Petition, Call Merchant, Bribe Branch, Renounce Religion


You were on level 6 of the Dungeon.
You worshipped Gozag.
Gozag was pleased with you.
You were not hungry.

You visited 1 branch of the dungeon, and saw 6 of its levels.
You also visited: Sewer and Ossuary.

You collected 745 gold pieces.
You paid 51 gold pieces to Gozag.

Inventory:

Hand Weapons
 a - a +0 war axe (weapon)
 e - a +0 spear
 s - a +0 blowgun
Missiles
 k - 41 poisoned needles
Armour
 b - a +0 scale mail (worn)
 c - a +1 shield (worn)
Jewellery
 m - an uncursed ring of ice
 q - a cursed ring of loudness (right hand)
 x - a ring of protection from cold (left hand)
Wands
 w - a wand of flame (17)
Scrolls
 i - 3 scrolls of teleportation
 r - a scroll of fog
Potions
 d - 3 potions of might
 n - a potion of lignification
 o - a potion of flight
 p - a potion of cancellation
 t - a potion of brilliance
 u - a potion of haste
 v - a potion of heal wounds {unknown}
Comestibles
 f - a ration


   Skills:
 + Level 5.4 Fighting
 + Level 6.9 Axes
 + Level 5.2 Armour
 + Level 2.0 Dodging
 + Level 5.1 Shields


You had 6 spell levels left.
You didn't know any spells.

Dungeon Overview and Level Annotations

Branches:
Dungeon (6/15)
 Temple: D:4-7

Altars:
Gozag


Innate Abilities, Weirdness & Mutations

You reflexively headbutt those who attack you in melee.
You have a pair of horns on your head.


Message History

t - a potion of brilliance You now have 694 gold pieces (gained 8).
You see here 18 stones.
A bullfrog comes into view.
A bullfrog is nearby!
The bullfrog closely misses you.
You closely miss the bullfrog. Your headbutt misses the bullfrog.
The bullfrog hits you.
* * * LOW HITPOINT WARNING * * *
You miss the bullfrog.
The bullfrog hits you but does no damage.
The bullfrog closely misses you.
You closely miss the bullfrog.
The bullfrog hits you but does no damage.
You block the bullfrog's attack.
You closely miss the bullfrog. The bullfrog hits you!
* * * LOW HITPOINT WARNING * * *
The bullfrog hits you.
You die...
Your body crumbles into a pile of gold.

.... ... .. #.
#.#########
#.........#
#.F....<#
.#####@#(...#
#..........#.#
#######.####.#
#.. ..# ###
###


You could see a bullfrog.

Vanquished Creatures
  An ogre (D:5)
  A big kobold (Sewer)
  A howler monkey (D:5)
  A crimson imp (D:5)
  A bullfrog zombie (D:5)
  A centaur zombie (D:5)
  A hound (D:4)
  A jelly (D:6)
  2 orc wizards (D:4)
  A worker ant (D:5)
  5 big kobold zombies (Ossuary)
  2 mummies
  6 adders
  3 worms
  A leopard gecko (D:2)
  3 orcs
  2 spectral bats (Ossuary)
  3 ball pythons
  A giant cockroach (D:2)
  7 gnoll zombies (Ossuary)
  A goblin (D:3)
  3 hobgoblins
  2 jackals (D:3)
  10 kobolds
  4 quokkas
  6 bats
  6 bat simulacra (Ossuary)
  A frilled lizard (D:2)
  3 goblin simulacra (Ossuary)
  4 goblin zombies (Ossuary)
  2 hobgoblin zombies (Ossuary)
  2 kobold simulacra (Ossuary)
  6 kobold zombies (Ossuary)
  4 orc zombies (Ossuary)
  A quokka zombie (D:5)
  3 rats
  2 rat simulacra (Ossuary)
  2 spectral goblins (Ossuary)
  3 spectral kobolds (Ossuary)
  3 spectral rats (Ossuary)
112 creatures vanquished.

Vanquished Creatures (others)
  A hobgoblin zombie (Ossuary)
1 creature vanquished.

Grand Total: 113 creatures vanquished

Notes
Turn   | Place    | Note
-------+----------+-------------------------------------------
     0 | D:1      | emperorscorpion the Minotaur Fighter began the quest for the Orb.
     0 | D:1      | Reached XP level 1. HP: 19/19 MP: 0/0
   191 | D:2      | Reached XP level 2. HP: 9/27 MP: 1/1
   228 | D:2      | HP: 1/27 [poisoned by an adder]
   296 | D:2      | Found an opulent altar of Gozag.
   330 | D:2      | Became a worshipper of Gozag Ym Sagoz the Greedy
   395 | D:3      | Reached skill level 3 in Axes
   395 | D:3      | Reached XP level 3. HP: 17/33 MP: 2/2
   591 | D:4      | Found a sand-covered staircase.
   599 | Ossuary  | Entered an ossuary
   694 | Ossuary  | Reached XP level 4. HP: 39/41 MP: 3/3
   752 | Ossuary  | Reached skill level 4 in Axes
   752 | Ossuary  | Reached skill level 1 in Dodging
   789 | Ossuary  | Reached XP level 5. HP: 41/47 MP: 4/4
   976 | D:4      | Reached skill level 5 in Axes
   991 | D:4      | Reached XP level 6. HP: 39/55 MP: 5/5
  1010 | D:5      | Entered Level 5 of the Dungeon
  1111 | D:5      | Reached skill level 5 in Fighting
  1123 | D:5      | Reached skill level 6 in Axes
  1155 | D:5      | Found a glowing drain.
  1158 | D:5      | Reached XP level 7. HP: 26/61 MP: 6/6
  1168 | Sewer    | Entered a sewer
  1224 | Sewer    | Reached skill level 5 in Shields
  1279 | Sewer    | Reached skill level 5 in Armour
  1615 | D:6      | Slain by a bullfrog

Vault maps used:
D:1:      nzn_arrival_crosshair
D:2:      grunt_gozag_breadcrumbs, old_standard_altar
D:3:      first_ration
D:4:      lemuel_round_altar, kennysheep_slug_shrine,
          grunt_temple_overflow_cloverleaf, nicolae_ossuary_entry_giza
D:5:      minmay_temple_entry_trees, serial_shops, shop, portal_sewer_entry_d,
          minivault_1
D:6:      old_standard_altar, basic_altar, kennysheep_generic_room_2
Sewer:    sewer_co_15_rooms
Ossuary:  ossuary_zaba_two_paths

Skill      XL: |  1  2  3  4  5  6  7 |
---------------+----------------------+-----
Armour         | 4 5 |  5.2
Fighting       | 4 5 |  5.4
Axes           | 3 4 5 6 |  6.9
Shields        | 4 5 |  5.1
Dodging        | 1 2 |  2.0

Action                   |  1- 3 |  4- 6 |  7- 9 || total
-------------------------+-------+-------+-------++-------
Melee: War axe           |   111 |   139 |    53 ||   303
       Headbutt          |    12 |    32 |     5 ||    49
  Use: Potion            |     2 |       |       ||     2
       Scroll            |       |       |     9 ||     9
  Eat: Ration            |       |       |     1 ||     1
Armor: Scale mail        |    59 |    39 |    17 ||   115
Dodge: Dodged            |    30 |    26 |    11 ||    67
Block: Shield            |    67 |    58 |    25 ||   150

Table legend:
 A = Spawn XP
 B = Non-spawn XP
 C = Spawn XP percentage of total XP
 D = Spawn monster count
 E = Non-spawn monster count
 F = Spawn count percentage of total count
 G = Total turns spent on level
                    A         B        C        D         E        F      G
               +---------+---------+-------+---------+---------+-------+---------
         Total |       0 |     987 |   0.0 |       0 |     112 |   0.0 |  1615
               +---------+---------+-------+---------+---------+-------+---------
           D:1 |       0 |       3 |   0.0 |       0 |       2 |   0.0 |   114
           D:2 |       0 |      25 |   0.0 |       0 |       8 |   0.0 |   235
           D:3 |       0 |      26 |   0.0 |       0 |      14 |   0.0 |   236
           D:4 |       0 |     149 |   0.0 |       0 |       6 |   0.0 |    62
           D:5 |       0 |     371 |   0.0 |       0 |      11 |   0.0 |   211
           D:6 |       0 |      45 |   0.0 |       0 |       2 |   0.0 |    80
         Sewer |       0 |     165 |   0.0 |       0 |      17 |   0.0 |   314
       Ossuary |       0 |     203 |   0.0 |       0 |      52 |   0.0 |   363
               +---------+---------+-------+---------+---------+-------+---------
